 Dungeon Crawl Stone Soup version 0.29.1-2-gbd0b4ee654 (webtiles) character file.

Game seed: 9874568922938827510

151 cdecastro the Grasshopper (level 5, -4/43 HPs)
             Began as a Gnoll Warper on Nov 28, 2022.
             Slain by a gnoll
             ... wielding a +0 halberd
              (14 damage)
             ... on level 3 of the Dungeon on Nov 29, 2022.
             The game lasted 00:08:32 (2706 turns).

cdecastro the Grasshopper (Gnoll Warper)            Turns: 2706, Time: 00:08:32

Health: -4/43      AC:  3    Str: 10    XL:     5   Next: 33%
Magic:  12/12      EV: 13    Int: 14    God:
Gold:   61         SH:  0    Dex: 12    Spells: 3/14 levels left

rFire   . . .      SeeInvis .   j - +2 whip (drain)
rCold   . . .      Faith    .   (no shield)
rNeg    . . .      Spirit   .   b - +0 leather armour
rPois   .          Reflect  .   (no helmet)
rElec   .          Harm     .   (no cloak)
rCorr   .          Rampage  .   (no gloves)
Will    .....                   (no boots)
Stlth   +.........              (no amulet)
HPRegen 0.14/turn               (no ring)
MPRegen 0.13/turn               (no ring)

@: no status effects
A: fangs 1, strong nose, distributed training
a: no special abilities


You were on level 3 of the Dungeon.
You visited 1 branch of the dungeon, and saw 3 of its levels.

You collected 61 gold pieces.

Inventory:

Hand Weapons
 a - a +0 mace
 j - a +2 whip of draining (weapon)
Missiles
 k - 5 silver boomerangs (quivered)
Armour
 b - a +0 leather armour (worn)
 g - a +0 pair of gloves
Jewellery
 e - a +6 ring of strength
Scrolls
 c - a scroll of blinking
 d - a scroll of noise {unknown}
 f - 3 scrolls of identify {unknown}
 h - 2 scrolls of teleportation {unknown}
 m - a scroll of fear {unknown}
 n - a scroll of enchant weapon {unknown}
 o - 2 scrolls of amnesia {unknown}
Potions
 i - a potion of flight {unknown}
 l - 3 potions of curing {unknown}
 p - a potion of magic {unknown}


   Skills:
 + Level 4.8 Fighting
 + Level 1.5 Short Blades
 + Level 1.5 Long Blades
 + Level 1.5 Axes
 + Level 4.8 Maces & Flails
 + Level 1.5 Polearms
 + Level 1.5 Staves
 + Level 1.5 Ranged Weapons
 + Level 3.0 Throwing
 + Level 3.0 Armour
 + Level 4.8 Dodging
 + Level 1.5 Stealth
 + Level 1.5 Shields
 + Level 1.5 Unarmed Combat
 + Level 5.2 Spellcasting
 + Level 1.2 Conjurations
 + Level 1.2 Hexes
 + Level 1.2 Summonings
 + Level 1.2 Necromancy
 + Level 5.5 Translocations
 + Level 1.2 Transmutations
 + Level 1.2 Fire Magic
 + Level 1.2 Ice Magic
 + Level 1.2 Air Magic
 + Level 1.2 Earth Magic
 + Level 1.2 Poison Magic
 + Level 1.7 Invocations
 + Level 1.5 Evocations


You had 3 spell levels left.
You knew the following spells:

 Your Spells              Type           Power      Damage    Failure   Level
a - Blink                 Tloc           38%        N/A       3%          2
b - Gell's Gravitas       Tloc           19%        N/A       7%          3
c - Lesser Beckoning      Tloc           19%        N/A       7%          3
d - Teleport Other        Tloc           19%        N/A       7%          3

Your spell library contained the following spells:

 Spells                   Type           Power      Damage    Failure   Level
 Manifold Assault         Tloc           19%        N/A       54%         5


Dungeon Overview and Level Annotations

Branches:
Dungeon (3/15)

Altars:
Yredelemnul


Innate Abilities, Weirdness & Mutations

You have very sharp teeth.
Your uncanny sense of smell can sniff out nearby items.
Your experience applies equally to all skills.


Message History

The adder misses you.
You closely miss the adder.
The gnoll shouts!
The adder barely misses you.
You hit the adder.
The adder is moderately wounded.
The adder barely misses you.
You hit the adder. You drain the adder.
You kill the adder!
The gnoll hits you from afar with a +0 spear!
Your Throwing skill increases to level 3!
Your Armour skill increases to level 3!
Items here: ( ) ? †.
There is an open door here.
Items here: ))) ††.
The gnoll hits you with a +0 spear!
You hit the gnoll. Your punch misses the gnoll. You bite the gnoll.
The gnoll is moderately wounded.
The gnoll closely misses you. The gnoll hits you with a +0 spear.
You hit the gnoll. You drain the gnoll. Your bite misses the gnoll.
The gnoll is severely wounded.
The gnoll closely misses you. The gnoll hits you with a +0 spear.
* * * LOW HITPOINT WARNING * * *
You hit the gnoll. You drain the gnoll.
You kill the gnoll!
The gnoll hits you from afar with a +0 halberd.
* * * LOW HITPOINT WARNING * * *
The gnoll hits you with a +0 halberd!
* * * LOW HITPOINT WARNING * * *
Things that are here:
a +0 spear; a gnoll corpse You hit the gnoll.
The gnoll is moderately wounded.
You completely miss the gnoll.
The gnoll is moderately wounded.
The gnoll misses you.
You hit the gnoll. Your punch misses the gnoll.
The gnoll is severely wounded.
The gnoll hits you with a +0 halberd!
You die...

#.# #.# #.######
###########.......
#...........######
#.#########.#.....
#.# #.#.#... #.#
#####.#.#.## #@#
#.....#..... #g#
#.#######.## #.#
#...........
###.#############.##
### #.)........ ∆
#.# ..# #.
#.#.####### #.#
###.# #. #g#.....#
#.# .$#.# #.
#.#####.# #.# ..#.#
#.#####g### #.# #.#


You could see a gnoll.

Vanquished Creatures
  An orc priest (D:3)
  A gnoll (D:3)
  5 adders
  3 orcs (D:2)
  7 endoplasms
  5 giant cockroaches
  5 goblins
  9 hobgoblins
  3 jackals (D:2)
  7 kobolds
  A quokka (D:1)
  3 ball pythons
  4 bats
  6 frilled lizards
  6 rats
66 creatures vanquished.

Vanquished Creatures (others)
  3 plants (D:1)
3 creatures vanquished.

Grand Total: 69 creatures vanquished

Notes
Turn   | Place    | Note
-------+----------+-------------------------------------------
     0 | D:1      | cdecastro the Gnoll Warper began the quest for the Orb.
     0 | D:1      | Reached XP level 1. HP: 20/20 MP: 6/6
   240 | D:1      | Reached XP level 2. HP: 26/26 MP: 7/7
   323 | D:1      | Found a faded altar of an unknown god.
   996 | D:1      | Reached skill level 5 in Spellcasting
   996 | D:1      | Reached XP level 3. HP: 26/29 MP: 7/9
  1325 | D:2      | Found a basalt altar of Yredelemnul.
  1347 | D:2      | Reached skill level 1 in Invocations
  1461 | D:2      | Reached skill level 1 in Short Blades
  1461 | D:2      | Reached skill level 1 in Long Blades
  1461 | D:2      | Reached skill level 1 in Axes
  1461 | D:2      | Reached skill level 1 in Polearms
  1461 | D:2      | Reached skill level 1 in Staves
  1461 | D:2      | Reached skill level 1 in Ranged Weapons
  1461 | D:2      | Reached skill level 1 in Stealth
  1461 | D:2      | Reached skill level 1 in Shields
  1461 | D:2      | Reached skill level 1 in Unarmed Combat
  1461 | D:2      | Reached skill level 1 in Evocations
  1497 | D:2      | Reached XP level 4. HP: 11/38 MP: 11/11
  1757 | D:2      | Learned a level 2 spell: Blink
  1761 | D:2      | Learned a level 3 spell: Gell's Gravitas
  1765 | D:2      | Learned a level 3 spell: Lesser Beckoning
  1769 | D:2      | Learned a level 3 spell: Teleport Other
  1951 | D:2      | Reached skill level 1 in Conjurations
  1951 | D:2      | Reached skill level 1 in Hexes
  1951 | D:2      | Reached skill level 1 in Summonings
  1951 | D:2      | Reached skill level 1 in Necromancy
  1951 | D:2      | Reached skill level 1 in Transmutations
  1951 | D:2      | Reached skill level 1 in Fire Magic
  1951 | D:2      | Reached skill level 1 in Ice Magic
  1951 | D:2      | Reached skill level 1 in Air Magic
  1951 | D:2      | Reached skill level 1 in Earth Magic
  1951 | D:2      | Reached skill level 1 in Poison Magic
  2353 | D:3      | Reached XP level 5. HP: 33/43 MP: 12/12
  2706 | D:3      | Slain by a gnoll

Illustrated notes

Levels and vault maps discovered:
D:1:      scummos_arrival_gate, layout_loops_ring, serial_forest,
          infiniplex_forest_corner_1, infiniplex_forest_fountain,
          infiniplex_forest_clump_tiny, infiniplex_forest_lined_4_way,
          dreamdust_ecumenical_altar_hidden_monk_grotto, kennysheep_small_spiral
D:2:      layout_basic, basic_altar
D:3:      layout_basic

Skill      XL: |  1  2  3  4  5 |
---------------+----------------+-----
Spellcasting   | 5 |  5.2
Invocations    | 1 |  1.7
Short Blades   | 1 |  1.5
Long Blades    | 1 |  1.5
Axes           | 1 |  1.5
Polearms       | 1 |  1.5
Staves         | 1 |  1.5
Ranged Weapons | 1 |  1.5
Stealth        | 1 |  1.5
Shields        | 1 |  1.5
Unarmed Combat | 1 |  1.5
Evocations     | 1 |  1.5
Conjurations   | 1 |  1.2
Hexes          | 1 |  1.2
Summonings     | 1 |  1.2
Necromancy     | 1 |  1.2
Transmutations | 1 |  1.2
Fire Magic     | 1 |  1.2
Ice Magic      | 1 |  1.2
Air Magic      | 1 |  1.2
Earth Magic    | 1 |  1.2
Poison Magic   | 1 |  1.2
Throwing       | 3 |  3.0
Armour         | 3 |  3.0
Fighting       | |  4.8
Maces & Flails | |  4.8
Dodging        | |  4.8
Translocations | |  5.5

Action                   |  1- 3 |  4- 6 || total
-------------------------+-------+-------++-------
Melee: Mace              |    53 |       ||    53
       Whip              |    46 |    65 ||   111
       Bite              |     7 |     3 ||    10
       Punch             |     1 |       ||     1
Throw: Boomerang         |     8 |       ||     8
Armor: Leather armour    |    34 |     4 ||    38
Dodge: Dodged            |    69 |    46 ||   115
